Map: Scythe of Amon

Players

wasp

  • Race: Protoss Protoss
  • Spawn Location: 5:00

NamroodTuo

  • Race: Zerg Zerg

VOD

Have the link to the VOD?

Description

Time

  • Played on: March 25, 2023, 5:13 p.m.
  • Length: 26:52
Show
View Real Time Build Order
Export as new Build Order

wasp Protoss 

Build Orders:  

Get SALT Encoding   

  12  0:11  Probe (Chrono Boost)  
  13  0:25  Probe (Chrono Boost)  
  13  0:28  Pylon  
  14  0:42  Probe (Chrono Boost)  
  15  0:56  Probe (Chrono Boost)  
  15  0:59  Gateway  
  16  1:08  Assimilator  
  16  1:18  Assimilator  
  16  1:19  Probe (Chrono Boost)  
  17  1:33  Probe (Chrono Boost)  
  18  2:21  Zealot  
  20  2:33  Gateway  
  20  2:35  Gateway  
  20  2:36  Gateway  
  20  2:43  Probe (Chrono Boost)  
  21  2:56  Probe (Chrono Boost)  
  22  3:10  Probe (Chrono Boost)  
  23  3:24  Probe (Chrono Boost)  
  24  3:37  Probe (Chrono Boost)  
  25  3:50  Zealot  
  25  3:51  Probe (Chrono Boost), Zealot x4  
  25  3:52  Zealot  
  38  4:13  Zealot  
  38  4:14  Zealot x2  
  44  4:34  Probe (Chrono Boost)  
  45  4:48  Probe (Chrono Boost)  
  46  5:01  Probe (Chrono Boost)  
  47  5:15  Probe (Chrono Boost)  
  48  5:24  Zealot x2  
  48  5:25  Zealot x3  
  48  5:26  Zealot x2  
  58  6:57  Nexus  
  58  7:12  Assimilator  
  58  7:19  Assimilator  
  58  7:21  Zealot x2  
  58  7:22  Zealot x3  
  58  7:23  Zealot x3  
  58  7:24  Zealot  
  72  9:14  Probe (Chrono Boost)  
  73  9:27  Probe (Chrono Boost)  
  74  9:41  Probe (Chrono Boost)  
  75  9:54  Probe (Chrono Boost)  
  70  10:08  Probe (Chrono Boost)  
  57  10:29  Cybernetics Core  
  53  11:17  Probe (Chrono Boost)  
  54  11:31  Probe (Chrono Boost)  
  55  11:44  Probe (Chrono Boost)  
  50  11:58  Probe (Chrono Boost)  
  51  12:12  Probe (Chrono Boost)  
  52  12:58  Dragoon x4  
  52  12:59  Dragoon x3  
  66  13:00  Dragoon x2  
  66  13:01  Dragoon x3  
  74  13:40  Dragoon  
  74  13:41  Dragoon x3  
  44  14:48  Dragoon x3  
  44  14:49  Dragoon x4  
  58  14:50  Dragoon  
  60  16:07  Dragoon x3  
  60  16:08  Dragoon x3  
  60  16:09  Dragoon x2  
  76  16:10  Dragoon  
  76  16:11  Dragoon  
  76  16:12  Dragoon  
  76  16:13  Dragoon  
  76  16:55  Dragoon x2  
  76  16:56  Dragoon x2  
  29  18:37  Dragoon  
  29  18:38  Dragoon  
  29  18:39  Dragoon x2  
  37  18:40  Dragoon  
  37  18:41  Dragoon  
  37  18:42  Dragoon  
  37  18:43  Dragoon x2  
  37  18:44  Dragoon x2  
  37  18:45  Dragoon  
  52  20:02  Dragoon  
  52  20:03  Dragoon x2  
  52  20:04  Dragoon x2  
  52  20:05  Dragoon x3  
  29  21:11  Dragoon  
  29  21:12  Dragoon x3  
  29  21:13  Dragoon  
  29  21:14  Dragoon x2  
  29  21:15  Dragoon  
  43  21:54  Dragoon  
  43  21:55  Dragoon x3  
  43  21:56  Dragoon x2  
  55  22:05  Probe (Chrono Boost)  
  56  22:19  Probe (Chrono Boost)  
  17  23:48  Dragoon  
  17  23:49  Dragoon x3  
  25  23:50  Dragoon  
  27  24:28  Dragoon  
  27  24:29  Dragoon  
Show
View Real Time Build Order
Export as new Build Order

NamroodTuo Zerg 

Build Orders:  

Get SALT Encoding   

  12  0:19  Infested Barracks  
  12  0:25  Infested SCV  
  13  0:37  Infested SCV  
  14  0:40  Infested SCV  
  15  0:52  Overlord  
  15  1:19  Infested SCV  
  16  1:22  Infestation Level 1  
  16  1:25  Infested SCV  
  17  1:35  Infested SCV  
  17  1:36  Infested SCV  
  19  1:46  Overlord  
  19  1:53  Infested SCV  
  20  2:10  Infested SCV  
  20  2:19  Infested Refinery  
  21  2:25  Infested SCV  
  21  2:26  Infested Refinery  
  22  2:44  Infested SCV  
  23  3:12  Infested SCV  
  23  3:13  Infested SCV  
  25  3:32  Anaerobic Enhancement  
  25  3:49  Infested Bunker  
  29  3:50  Overlord  
  29  3:51  Infested SCV  
  30  4:21  Infested SCV  
  30  4:22  Infested Engineering Bay, Infested SCV  
  32  4:43  Infested Bunker  
  32  4:48  Infested SCV  
  37  4:51  Infested SCV  
  38  5:21  Infestation Level 2  
  38  5:37  Infested Factory  
  38  6:01  Infested Marine  
  38  6:04  Overlord  
  38  6:05  Overlord x3  
  39  6:20  Infested Barracks Tech Lab  
  39  6:25  Regenerative Plating  
  43  6:56  Infested Bunker  
  43  7:21  Broodling Gestation  
  43  7:38  Infested Marine x5  
  43  7:39  Infested Marine x15  
  62  7:53  Infested Command Center  
  62  8:00  Infested Marine  
  62  8:01  Infested Marine x3  
  49  8:58  Stukov Infantry Armor Level 1  
  42  9:10  Infested Factory Tech Lab  
  42  9:12  Infested Factory  
  42  9:25  Infested Marine  
  42  9:26  Infested Marine x16  
  59  9:44  Infested Bunker  
  62  10:05  Overseer x4  
  62  10:08  Overlord x3  
  62  10:09  Infested SCV x2  
  64  10:24  Infested Factory Tech Lab  
  64  10:31  Automated Mitosis  
  64  10:33  Infested Armory  
  64  10:41  Infested SCV x2  
  64  10:42  Infested SCV x2  
  52  11:12  Infested Marine x6  
  52  11:13  Infested Marine x14  
  72  11:30  Saturated Cultures  
  72  11:34  Plagued Munitions  
  72  11:40  Calcified Armor  
  72  11:46  Infested SCV x2  
  74  11:51  Infested SCV  
  74  11:53  Infested SCV  
  74  11:56  Infested SCV  
  74  12:17  Infested SCV  
  71  12:20  Aggressive Incubation  
  58  13:04  Retinal Augmentation  
  58  13:10  Overlord x3  
  58  13:24  Unknown  
  58  13:29  Infested Siege Tank  
  61  13:30  Infested Siege Tank, Infested Diamondback  
  61  13:31  Infested Siege Tank, Infested Diamondback  
  61  13:32  Infested Diamondback  
  76  14:20  Infested Siege Tank, Infested Diamondback  
  76  14:26  Infested SCV  
  76  14:27  Infested SCV x4  
  81  14:31  Infested Refinery  
  81  14:38  Infested Refinery  
  81  14:41  Infested Marine  
  81  14:42  Infested Marine x14  
  81  14:43  Infested Marine x5  
  100  15:12  Infested Siege Tank  
  100  15:13  Infested Diamondback  
  100  15:14  Infested Diamondback  
  100  15:16  Overlord x3  
  100  15:17  Overlord  
  109  15:34  Infested SCV  
  110  16:01  Infested Siege Tank  
  110  16:02  Infested Siege Tank, Infested Diamondback  
  110  16:07  Stukov Vehicle and Ship Weapons Level 1  
  100  16:20  Infested SCV x2  
  100  16:21  Infested SCV  
  103  16:48  Infested Siege Tank  
  103  16:49  Infested Siege Tank, Infested Diamondback  
  100  17:55  Infested Siege Tank  
  100  17:56  Infested Siege Tank x2, Infested Diamondback x3  
  103  18:40  Infested Siege Tank, Infested Diamondback  
  103  18:41  Infested Diamondback  
  82  19:36  Infested Marine x3  
  82  19:37  Infested Marine x17  
  90  19:54  Stukov Vehicle and Ship Armor Level 1  
  90  19:59  Stukov Infantry Armor Level 2  
  83  20:31  Infested Marine x6  
  83  20:32  Infested Marine x5  
  94  20:53  Overseer x3  
  94  20:54  Overseer x2  
  65  21:34  Infested Siege Tank  
  65  21:35  Infested Siege Tank, Infested Diamondback x2  
  77  21:52  Infested Refinery  
  77  21:59  Infested Marine  
  78  22:00  Infested Marine x13  
  78  22:01  Infested Marine x4  
  93  22:23  Infested Siege Tank  
  93  22:24  Infested Siege Tank, Infested Diamondback  
  102  22:34  Stukov Vehicle and Ship Weapons Level 2  
  102  23:06  Infested Siege Tank  
  102  23:07  Infested Siege Tank, Infested Diamondback  
  94  23:24  Infested Diamondback  
  94  23:25  Infested Diamondback  
  99  24:08  Infested Diamondback x4  
  111  24:20  Infested Diamondback x2  
  117  24:32  Overseer x2  
  117  25:53  Overlord x4  
Tags
 
Commander
ArtanisStukov
Matchup
Co-op
Replay Pack
Multiplayer
Add a new tag
Caveats
  • Supply blocks, unpowered buildings, or Contaminate may cause inaccurate times.
  • Supply counts are checked every 10 seconds.